 Dungeon Crawl Stone Soup version 0.26.0-18-gc5c842f807 (webtiles) character file.

Game seed: 5516912729125337470

2614 Gauvater the Firebug (level 9, 0/54 HPs)
             Began as an Octopode Fire Elementalist on Jan 21, 2021.
             Was an Initiate of Gozag.
             Slain by a wyvern (19 damage)
             ... on level 7 of the Dungeon on Jan 22, 2021.
             The game lasted 01:06:41 (10267 turns).

Gauvater the Firebug (Octopode Fire Elementalist)  Turns: 10267, Time: 01:06:41

Health: 0/54       AC:  1    Str:  7    XL:     9   Next: 60%
Magic:  18/18      EV: 33    Int: 21    God:    Gozag
Gold:   48         SH:  5    Dex: 12    Spells: 16/20 levels left

rFire    + . .     SeeInvis .   I - staff of fire
rCold    . . .     Faith    .   q - +0 buckler
rNeg     . . .     Spirit   .   (helmet restricted)
rPois    +         Reflect  .   B - amulet of the acrobat
rElec    .         Harm     .   k - ring of poison resistance
rCorr    .         Rampage  .   o - +4 ring of evasion
Will     .....                  s - ring of flight
Stlth    ++++......             (no ring)
HPRegen  0.18/turn              (no ring)
MPRegen  0.16/turn              (no ring)
                                (no ring)
                                (no ring)

@: berserk cooldown, acrobat, slowed, very slow
A: almost no armour, stealthy swim, amphibious, 8 rings, constrict 8, camouflage
1, gelatinous body 1
a: Renounce Religion, Evoke Flight, Potion Petition, Call Merchant, Bribe Branch


You were on level 7 of the Dungeon.
You worshipped Gozag.
Gozag was noncommittal.
You visited 1 branch of the dungeon, and saw 7 of its levels.

You collected 1000 gold pieces.
You spent 28 gold pieces at shops.
You paid 924 gold pieces to Gozag.

Inventory:

Hand Weapons
 d - a +0 vampiric dagger
 e - a +1 dagger of electrocution
 D - a +0 hunting sling
 G - a +0 dagger of freezing
 K - a +0 trident of freezing
 N - a +0 whip of flaming
Missiles
 m - 42 bolts
 r - 120 stones (quivered)
 v - 6 atropa-tipped darts
 y - 24 poisoned darts
 A - 7 javelins
 C - 25 arrows
 E - 46 sling bullets
 F - 2 boomerangs
Armour
 q - a +0 buckler (worn)
Magical Staves
 I - an uncursed staff of fire (weapon)
Jewellery
 k - a ring of poison resistance (left tentacle)
 o - a +4 ring of evasion (right tentacle)
 s - a ring of flight (on tentacle)
 B - an amulet of the acrobat (around mantle)
Wands
 j - a wand of flame (7)
 x - a wand of random effects (19)
Scrolls
 h - 3 scrolls of teleportation
 l - 4 scrolls of fear
 p - 4 scrolls of remove curse
 u - 2 scrolls of amnesia {unknown}
 z - a scroll of enchant weapon {unknown}
 J - 2 scrolls of holy word
Potions
 a - 2 potions of cancellation
 b - 4 potions of curing
 c - a potion of lignification {unknown}
 g - 5 potions of brilliance
 i - a potion of might {unknown}
 n - 4 potions of attraction {unknown}
 t - a potion of heal wounds {unknown}
 w - a potion of haste
 M - a potion of mutation {unknown}


   Skills:
 + Level 1.9 Fighting
 + Level 2.1 Short Blades
 + Level 0.1 Staves
 + Level 0.1 Throwing
 + Level 3.5 Dodging
 + Level 5.4 Stealth
 * Level 4.0 Shields
 + Level 0.3 Unarmed Combat
 + Level 6.4 Spellcasting
 + Level 5.2 Conjurations
 + Level 6.9 Fire Magic


You had 16 spell levels left.
You knew the following spells:

 Your Spells              Type           Power        Failure   Level
a - Foxfire               Conj/Fire      100%         1%          1
b - Conjure Flame         Conj/Fire      48%          2%          3

Your spell library contained the following spells:

 Spells                   Type           Power        Failure   Level
 Inner Flame              Hex/Fire       32%          7%          3
 Sticky Flame             Conj/Fire      48%          8%          4
 Corona                   Hex            6%           10%         1
 Dazzling Flash           Conj/Hex       34%          10%         3
 Ensorcelled Hibernation  Hex/Ice        12%          14%         2
 Fireball                 Conj/Fire      24%          22%         5
 Confusing Touch          Hex            6%           28%         3
 Gell's Gravitas          Tloc           3%           28%         3
 Tukima's Dance           Hex            6%           28%         3
 Petrify                  Tmut/Erth      6%           67%         4
 Metabolic Englaciation   Hex/Ice        3%           95%         5
 Yara's Violent Unravell  Hex/Tmut       3%           95%         5


Dungeon Overview and Level Annotations

Branches:
Dungeon (7/15)             Temple (0/1) D:5

Altars:
Fedhas
Gozag
Kikubaaqudgha
Sif Muna
Vehumet
Zin

Shops:
D:6 (*[[

Annotations:
D:7 Menkaure


Innate Abilities, Weirdness & Mutations

You cannot wear most types of armour.
You are very stealthy in the water. (Stealth+)
You are amphibious.
You can wear up to eight rings at the same time.
You can use your tentacles to constrict eight enemies at once.
Your skin changes colour to match your surroundings (Stealth+).
Your rubbery body absorbs attacks. (AC +1, EV +1)


Message History

[b] - 648 gold - resistance, might and haste [c] - 364 gold - heal wounds, curing and berserk rage Purchase which effect?
You no longer have enough gold to petition Gozag for potion effects.
You feel much better.
You feel better.
A red film seems to cover your vision as you go berserk!
You feel yourself moving faster!
You feel mighty! The wyvern bites you!
You feel a strong urge to attack something.
You feel your anger nearly subside. The wyvern completely misses you.
You are no longer berserk.
You are exhausted.
You feel yourself slow down. The wyvern misses you.
The wyvern completely misses you. The wyvern bites you!
You are no longer corroded.
You block the wyvern's attack. The wyvern bites you!!
You die...
Your body crumbles into a pile of gold.

#....#.##..##.#.#.#.
#....'.#...'.#.#.#.#
#....#.5.####.#.#.#.
#....#...# #.#.#.#.#
#...5########.#.#.#.
#>...5...?..##.#.#.#
#####.####...##.#.#.
####J####....###+##
#<@l....#..........
#.##.##.#.....####.
#.##.##.#.....# #.
#....##.####### #.
#[.####.# #.
#.).....#### #.
##.#####...#######>
#)# ##............
#)# #.##.##.######


You could see a wyvern and a jelly.

Vanquished Creatures
  Pikel (D:6)
  A hornet zombie (D:7)
  An orc warrior (D:6)
  2 ice beasts (D:6)
  A sky beast (D:5)
  An ogre (D:5)
  A necrophage (D:4)
  2 phantoms
  A centaur (D:6)
  2 lemures (D:6)
  3 bullfrogs (D:7)
  3 wights (D:6)
  2 vampire bats (D:4)
  A howler monkey (D:4)
  5 orc priests
  A hound (D:5)
  A bullfrog skeleton (D:4)
  A centaur skeleton (D:6)
  3 iguanas
  4 orc wizards
  5 worker ants
  A howler monkey zombie (D:6)
  A worker ant zombie (D:5)
  A howler monkey skeleton (D:4)
  3 gnolls (D:3)
  8 adders
  A shadow imp (D:5)
  2 white imps
  An ufetubus (D:5)
  3 oozes
  A dart slug (D:1)
  6 leopard geckos
  30 orcs
  4 ball pythons (D:1)
  4 bat skeletons (D:4)
  A bat zombie (D:4)
  9 giant cockroaches
  11 goblins
  3 hobgoblins
  3 jackals (D:3)
  2 quokkas
  8 bats
  6 frilled lizards
  9 kobolds
  A leopard gecko zombie (D:7)
  A quokka skeleton (D:4)
  9 rats
171 creatures vanquished.

Vanquished Creatures (others)
  559 foxfires
  2 plants
561 creatures vanquished.

Grand Total: 732 creatures vanquished

Notes
Turn   | Place    | Note
-------+----------+-------------------------------------------
     0 | D:1      | Gauvater the Octopode Fire Elementalist began the quest for
                  | the Orb.
     0 | D:1      | Reached XP level 1. HP: 11/11 MP: 3/3
   298 | D:1      | Reached XP level 2. HP: 10/17 MP: 1/5
  1241 | D:1      | Reached XP level 3. HP: 21/21 MP: 4/6
  1808 | D:2      | Reached XP level 4. HP: 23/27 MP: 7/7
  2642 | D:3      | Reached XP level 5. HP: 6/31 MP: 3/9
  2901 | D:3      | Found an opulent altar of Gozag.
  3283 | D:3      | Upgraded the game from 0.26.0-16-gc1dbca0489 to
                  | 0.26.0-18-gc5c842f807
  4063 | D:3      | Became a worshipper of Gozag Ym Sagoz the Greedy
  4215 | D:4      | Reached skill level 1 in Short Blades
  4215 | D:4      | Reached XP level 6. HP: 32/37 MP: 8/10
  4830 | D:4      | Noticed a necrophage
  5623 | D:4      | Found an ancient bone altar of Kikubaaqudgha.
  5764 | D:4      | Reached XP level 7. HP: 42/42 MP: 6/13
  6525 | D:5      | Entered Level 5 of the Dungeon
  6666 | D:5      | Reached skill level 1 in Fighting
  6757 | D:5      | Reached skill level 5 in Fire Magic
  6761 | D:5      | Reached skill level 1 in Shields
  7251 | D:5      | Reached XP level 8. HP: 48/48 MP: 10/15
  7353 | D:5      | Found a staircase to the Ecumenical Temple.
  7724 | D:5      | Reached skill level 5 in Spellcasting
  7827 | D:5      | Found a shimmering blue altar of Sif Muna.
  7919 | D:5      | Found a glowing silver altar of Zin.
  7999 | D:6      | Found Ymoshrar's Armour Shop.
  8003 | D:6      | Found Daazupt's Armour Shoppe.
  8004 | D:6      | Noticed Pikel
  8091 | D:6      | Found Seruinon's Antique Weapon Shop.
  8091 | D:6      | Found Vywneiti's General Store.
  8104 | D:6      | Bought a scroll of identify for 28 gold pieces
  8270 | D:6      | Reached skill level 5 in Stealth
  8278 | D:6      | Found a radiant altar of Vehumet.
  8359 | D:6      | Killed Pikel
  8360 | D:6      | Reached XP level 9. HP: 45/54 MP: 4/18
  8890 | D:7      | Found a blossoming altar of Fedhas.
  8927 | D:7      | Noticed Menkaure
  9171 | D:6      | Learned a level 3 spell: Conjure Flame
  9449 | D:7      | Reached skill level 5 in Conjurations
 10267 | D:7      | Slain by a wyvern

Illustrated notes

Levels and vault maps discovered:
D:1:      psy_arrival_whirlpool, layout_basic, minmay_misc_feat_tower,
          serial_bayou_pond_c, minmay_shallow_snake_nest
D:2:      layout_rooms
D:3:      layout_basic, general_overflow_altar
D:4:      layout_loops_corners, kennysheep_vampire_church
D:5:      lemuel_ice_spiral_2, layout_basic, kennysheep_mini,
          lemuel_blue_sif_altar, minmay_temple_entry_sparse_star
D:6:      layout_rooms, serial_shops,
          nicolae_shop_temple_entry_statues_fountains, nicolae_shop_crystal,
          shop_statue, shop_fountains, vehumet_altar_wand_db, uniq_pikel
D:7:      minmay_the_grid_octo_tiled_squarecenter
          [minmay_the_grid_octo_odd_swirl, minmay_the_grid_octo_77,
          minmay_the_grid_octo_tetromino_candy, minmay_the_grid_octo_checkered,
          minmay_the_grid_square_5x5_megaprize_diamond,
          minmay_the_grid_square_5x5_three_walls,
          minmay_the_grid_square_5x5_trominoes, minmay_the_grid_square_5x5_six,
          minmay_the_grid_square_5x5_inset], layout_loops_cross,
          minmay_misc_feat_tiny, eino_tiny_chamber, fedhas_altar_1,
          uniq_menkaure

Skill      XL: |  1  2  3  4  5  6  7  8  9 |
---------------+----------------------------+-----
Stealth        | 3 4 5 |  5.4
Conjurations   | 2 3 4 5 |  5.2
Fire Magic     | 4 5 6 |  6.9
Short Blades   | 1 2 |  2.1
Spellcasting   | 3 4 6 |  6.4
Fighting       | 1 |  1.9
Shields        | 1 3 4 |  4.0
Dodging        | 3 |  3.5
Staves         | |  0.1
Throwing       | |  0.1
Unarmed Combat | |  0.3

Action                   |  1- 3 |  4- 6 |  7- 9 || total
-------------------------+-------+-------+-------++-------
Melee: Unarmed           |     9 |       |       ||     9
       Constrict         |    10 |    25 |    18 ||    53
       Tentacles         |     4 |    13 |    10 ||    27
       Dagger            |    28 |    76 |    42 ||   146
       Punch             |       |     1 |       ||     1
       Staff             |       |       |    38 ||    38
Throw: Dart              |       |     2 |       ||     2
 Cast: Foxfire           |    35 |   109 |   181 ||   325
Invok: Potion Petition   |       |       |     2 ||     2
  Use: Scroll            |       |     3 |     8 ||    11
 Stab: Sleeping          |     3 |     4 |     1 ||     8
Armor: Skin              |     2 |     5 |     2 ||     9
Dodge: Dodged            |    45 |    73 |    93 ||   211
Block: Buckler           |       |     6 |    22 ||    28
